Workbook
Name A_IMPRESIÓN_IM: #REF!
Name A_IMPRESIÓN_IM: #REF!
Name AD: #REF!
Name AD: #REF!
Name bASE: #REF!
Name bASE: #REF!
Name Base_datos_IM: #REF!
Name Base_datos_IM: #REF!
Name BASE_DE_DATOS: #REF!
Name BASE_DE_DATOS: #REF!
Name CALCULO: #REF!
Name CALCULO: #REF!
Name COPIA1: #REF!
Name COPIA1: #REF!
Name COPIA2: #REF!
Name COPIA2: #REF!
Name CRIT1: #REF!
Name CRIT1: #REF!
Name Extracción_IM: #REF!
Name Extracción_IM: #REF!
Name impresion: #REF!
Name impresion: #REF!
Name inf: #REF!
Name inf: #REF!
Name kjk: #REF!
Name kjk: #REF!
Name Maquinaria: [1]Insum!$A$76:$E$99
Name presup: #REF!
Name presup: #REF!
Name Print_Area_MI: #REF!
Name Print_Area_MI: #REF!
Name Print_Titles_MI: #REF!
Name Print_Titles_MI: #REF!
Name REAJUSTE: #REF!
Name REAJUSTE: #REF!
Name REAJUSTES: #REF!
Name REAJUSTES: #REF!
Name SALID1: #REF!
Name SALID1: #REF!
Name titu: #REF!
Name titu: #REF!
Name titu2: #REF!
Name titu2: #REF!

Sheet PRESUPUESTO
C1: OBJETO:INTERVENTORÍA INTEGRAL PARA LOS ESTUDIOS, DISEÑOS Y LA CONSTRUCCIÓN DE FRANJAS DE PISTA Y ZONA RESA EN LA CABECERA 02 DEL AEROPUERTO EL EDÉN DE ARMENIA (VIGENCIA FUTURA)
C5: CONCURSO DE MERITOS No:
C6: FECHA:
A7: PROPUESTA ECONOMICA | C7: PROPONENTE:
A8: PRESUPUESTO - PITALITO
A9: Nº | B9: DESCRIPCION | C9: CANT | D9: DIK | E9: F.M. | F9: SALARIO | G9: TIEMPO (MES) | H9: COSTO TOTAL
A10: 1 | B10: PERSONAL SEGUIIMIENTO OBRA | H10: =SUM(H11:H19) -> 0
A11: 1.1 | B11: DIRECTOR DE INTERVENTORIA | C11: 1 | D11: 0.5
A12: 1.2 | B12: RESIDENTE DE INTERVENTORIA | C12: 1 | D12: 1
A13: 1.3 | B13: INSPECTOR DE INTERVENTORIA | C13: 1 | D13: 1
A14: 1.4 | B14: ESPECIALISTA HIDRAULICO | C14: 1 | D14: 0.2
A15: 1.5 | B15: EPECIALISTA EN GEOTECNIA | C15: 1 | D15: 0.5
A16: 1.6 | B16: ESPECIALISTA PAVIMENTOS | C16: 1 | D16: 0.2
A17: 1.7 | B17: INGENIERO AMBIENTAL | C17: 1 | D17: 0.15
A18: 1.8 | B18: TOPOGRAFO DE INTERVENTORIA | C18: 1 | D18: 1
